 Dungeon Crawl Stone Soup version 0.28-a0-1174-g766a6a42ef (webtiles) character file.

Game seed: 153877866362149650

3052 septik the Severer (level 9, 0/70 HPs)
             Began as a Minotaur Berserker on Dec 16, 2021.
             Was an Elder of Trog.
             Slain by a wight (3 damage)
             ... on level 9 of the Dungeon.
             The game lasted 00:11:05 (9740 turns).

septik the Severer (Minotaur Berserker)             Turns: 9740, Time: 00:11:05

Health: 0/70       AC: 10    Str: 27    XL:     9   Next: 57%
Magic:  8/8        EV: 11    Int:  4    God:    Trog [****..]
Gold:   332        SH:  0    Dex: 15    Spells: 8/8 levels left

rFire   . . .      SeeInvis .   a - +1 hand axe
rCold   + . .      Faith    .   (no shield)
rNeg    . . .      Spirit   .   D - +3 ring mail "Yrot" {rC+}
rPois   .          Reflect  .   (helmet restricted)
rElec   .          Harm     .   t - +0 cloak
rCorr   .          Rampage  .   N - +0 pair of gloves
Will    .....                   (no boots)
Stlth   +.........              (no amulet)
HPRegen 0.21/turn               k - +6 ring of dexterity
MPRegen 0.11/turn               (no ring)

@: on berserk cooldown, slowed, very slow
A: horns 2, retaliatory headbutt
a: Renounce Religion, Berserk, Trog's Hand, Brothers in Arms


You were on level 9 of the Dungeon.
You worshipped Trog.
Trog was greatly pleased with you.
You visited 1 branch of the dungeon, and saw 9 of its levels.
You also visited: Ossuary.

You collected 332 gold pieces.

Inventory:

Hand Weapons
 a - a +1 hand axe (weapon)
Missiles
 f - 108 stones (quivered)
 F - 45 poisoned darts
Armour
 t - a +0 cloak (worn)
 A - a +1 plate armour of cold resistance
 D - the +3 ring mail "Yrot" (worn) {rC+}
   (You found it on level 7 of the Dungeon)

   rC:        It protects you from cold.
 N - a +0 pair of gloves (worn)
Jewellery
 k - a +6 ring of dexterity (left hand)
 n - a +6 ring of intelligence
Wands
 u - a wand of paralysis (8)
Scrolls
 c - 10 scrolls of identify
 g - a scroll of fog
 i - 4 scrolls of teleportation
 l - a scroll of enchant armour
 q - a scroll of enchant weapon
 r - 2 scrolls of torment
 v - a scroll of silence {unknown}
 x - a scroll of summoning {unknown}
 y - a scroll of magic mapping
 C - 2 scrolls of fear {unknown}
 H - a scroll of acquirement {unknown}
 K - a scroll of blinking {unknown}
 L - a scroll of immolation
Potions
 e - 6 potions of curing
 h - 3 potions of flight {unknown}
 j - 2 potions of attraction {unknown}
 m - 2 potions of might {unknown}
 o - 2 potions of ambrosia {unknown}
 p - 2 potions of magic {unknown}
 s - a potion of lignification {unknown}
 B - 8 potions of degeneration
 G - a potion of heal wounds {unknown}
 I - a potion of invisibility {unknown}
 J - a potion of cancellation {unknown}
 M - a potion of berserk rage {unknown}


   Skills:
 - Level 3.6 Fighting
 + Level 16.0 Axes
 - Level 2.4 Armour
 - Level 2.1 Dodging


You had 8 spell levels left.
You didn't know any spells.
Your spell library was empty.

Dungeon Overview and Level Annotations

Branches:
Dungeon (9/15)             Temple (0/1) D:6         Ossuary (visited)
   Lair: D:8-11         Orc: D:9-12

Altars:
Kikubaaqudgha
Makhleb
Yredelemnul

Shops:
D:1 (   D:5 [

Annotations:
D:5 3 runed translucent doors, Ibis19's ghost, novice MiBe


Innate Abilities, Weirdness & Mutations

You have a pair of horns on your head.
You reflexively headbutt those who attack you in melee.


Message History

You are exhausted.
You feel yourself slow down.
The wight moves out of view.
You slash the wight! You headbutt the wight.
The wight is heavily damaged.
You feel sick.
You are no longer poisoned.
The wight hits you but does no damage.
Unknown command.
You hit the wight. Your headbutt misses the wight.
The wight is severely damaged.
The wight barely misses you.
Unknown command.
You hit the wight.
The wight is almost destroyed.
The wight barely misses you. You furiously retaliate!
You headbutt the wight.
You destroy the wight!
Trog accepts your kill.
Your Axes skill increases to level 16!
Unknown command.
The wight closely misses you. You furiously retaliate!
You headbutt the wight, but do no damage.
The wight hits you with a +2 battleaxe of electrocution.
You are electrocuted!
Things that are here:
a +0 spear; a +0 robe You are too injured to fight recklessly!
Unknown command.
You are too injured to fight recklessly!
Unknown command.
You hit the wight.
The wight is lightly damaged.
The wight hits you with a +2 battleaxe of electrocution.
* * * LOW HITPOINT WARNING * * *
You are electrocuted!
* * * LOW HITPOINT WARNING * * *
You completely miss the wight.
The wight is lightly damaged.
The wight hits you with a +2 battleaxe of electrocution.
You die...

### ... ..# #.# #
#.# #
#.#####.#####.#
........))...)#
......))).@z..#
.#.#.#)####..#
#))<)# ....
#..)........z.....
#........?##.###..
#.#.####..# . # #.
.$# # ..# ...


You could see a wight.

Vanquished Creatures
  A steam dragon (D:8)
  3 water moccasins
  2 sky beasts
  A black bear (D:4)
  3 orc warriors
  A necrophage (D:7)
  3 ogres
  A centaur (D:8)
  A phantom (D:4)
  Blork the orc (D:6)
  A gnoll sergeant (D:9)
  2 scorpions
  A water moccasin zombie (D:7)
  8 wights (D:9)
  A bullfrog zombie (D:5)
  A jelly (D:8)
  3 centaur zombies
  A hound (D:6)
  2 bullfrog skeletons
  A human zombie (Ossuary)
  5 orc priests
  An iguana (D:4)
  4 orc wizards
  A killer bee zombie (D:8)
  A hound zombie (D:5)
  3 mummies (Ossuary)
  A howler monkey zombie (D:6)
  9 gnolls
  8 adders
  2 white imps
  An ufetubus (D:5)
  A worm (D:3)
  6 dart slugs
  19 orcs
  7 ball pythons
  4 endoplasms
  A giant cockroach (D:1)
  5 hobgoblins
  6 jackals (D:1)
  10 kobolds
  5 quokkas
  8 bats
  A frilled lizard (D:1)
  4 goblins
  A goblin zombie (Ossuary)
  A kobold zombie (Ossuary)
  4 orc zombies (Ossuary)
  10 rats
167 creatures vanquished.

Notes
Turn   | Place    | Note
-------+----------+-------------------------------------------
     0 | D:1      | septik the Minotaur Berserker began the quest for the Orb.
     0 | D:1      | Reached XP level 1. HP: 19/19 MP: 0/0
   153 | D:1      | Reached skill level 4 in Axes
   275 | D:1      | Found a faded altar of an unknown god.
   346 | D:1      | Reached XP level 2. HP: 20/26 MP: 1/1
   712 | D:1      | Reached skill level 5 in Axes
   836 | D:1      | Found Gachorom's Antique Weapon Emporium.
   937 | D:1      | Reached XP level 3. HP: 31/31 MP: 2/2
  1388 | D:2      | Reached skill level 6 in Axes
  1388 | D:2      | Reached XP level 4. HP: 25/39 MP: 3/3
  1502 | D:2      | Reached ** piety under Trog
  2388 | D:3      | Reached XP level 5. HP: 40/45 MP: 4/4
  2436 | D:3      | Reached skill level 7 in Axes
  2936 | D:4      | Noticed an ogre
  2936 | D:4      | Noticed a black bear
  2937 | D:4      | Noticed an ogre
  3207 | D:4      | Killed an ogre
  3208 | D:4      | Reached skill level 8 in Axes
  3208 | D:4      | Reached XP level 6. HP: 51/51 MP: 5/5
  3306 | D:4      | Reached skill level 9 in Axes
  3457 | D:4      | Reached XP level 7. HP: 54/57 MP: 6/6
  3467 | D:4      | Reached skill level 10 in Axes
  3905 | D:4      | Reached *** piety under Trog
  4180 | D:5      | Entered Level 5 of the Dungeon
  4285 | D:5      | Found a runed translucent gate.
  4287 | D:5      | Found a runed translucent gate.
  4414 | D:5      | Found Beczomek's Antique Armour Shoppe.
  4553 | D:5      | Found a runed translucent gate.
  4624 | D:5      | Reached skill level 11 in Axes
  5018 | D:5      | Reached XP level 8. HP: 60/64 MP: 7/7
  5602 | D:5      | Noticed Ibis19's ghost (novice MiBe)
  5742 | D:6      | Found a staircase to the Ecumenical Temple.
  5776 | D:6      | Found a basalt altar of Yredelemnul.
  5778 | D:6      | Found a burning altar of Makhleb.
  5931 | D:6      | Reached skill level 12 in Axes
  6459 | D:6      | Noticed Blork the orc
  6471 | D:6      | Killed Blork the orc
  6574 | D:6      | Reached skill level 13 in Axes
  7334 | D:7      | Identified the +3 ring mail "Yrot" {rC+}
  7459 | D:7      | Reached skill level 14 in Axes
  7463 | D:7      | Reached XP level 9. HP: 65/70 MP: 8/8
  8069 | D:8      | Found a sand-covered staircase.
  8077 | Ossuary  | Entered an ossuary
  8344 | Ossuary  | Reached skill level 15 in Axes
  8923 | D:8      | Found an ancient bone altar of Kikubaaqudgha.
  9722 | D:9      | Reached **** piety under Trog
  9738 | D:9      | Reached skill level 16 in Axes
  9739 | D:9      | HP: 3/70 [wight (17)]
  9740 | D:9      | Slain by a wight

Illustrated notes

Levels and vault maps discovered:
D:1:      arrival_zaba_pyramid, layout_loops_ring,
          hellmonk_ecumenical_altar_crossroads, serial_shops, shop
D:2:      layout_basic, minmay_pentomino_o4
D:3:      layout_rooms, chequers_serial_rivers_room_a
D:4:      layout_basic, mrwooster_statue_mirror, chequers_mini_garden,
          kennysheep_boxes
D:5:      layout_layer_cave, serial_shops, shop_statue, gammafunk_ghost_icy
D:6:      layout_basic, mainiacjoe_overflow_catwalk_spiral,
          minmay_temple_entry_ruins, corexii_hall_statues_l, uniq_blork_the_orc
D:7:      layout_basic
D:8:      layout_loops_corners, nicolae_overflow_hidden_temple, enter_bailey_2,
          chequers_ossuary_entry_cave, lemuel_old_faithful
D:9:      layout_loops_ring, kennysheep_mini_moat, lair_entry_dummy,
          orc_0_dummy, serial_undead, serial_undead_e, serial_undead_b,
          serial_undead_c, serial_undead_d, minmay_misc_feat_tower,
          chequers_serial_rivers_small_a, corner_web_ring, minmay_nine_imps,
          uniq_erica

Skill      XL: |  1  2  3  4  5  6  7  8  9 |
---------------+----------------------------+-----
Axes           | 4 5 6 8 9 11 14 16 | 16.0
Fighting       | |  3.6
Armour         | |  2.4
Dodging        | |  2.1

Action                   |  1- 3 |  4- 6 |  7- 9 || total
-------------------------+-------+-------+-------++-------
Melee: Hand axe          |    79 |    93 |   162 ||   334
       Headbutt          |     7 |    31 |    80 ||   118
       Short sword       |       |       |   127 ||   127
Invok: Berserk           |     2 |     3 |     8 ||    13
       Trog's Hand       |       |     1 |       ||     1
  Use: Scroll            |       |     2 |     5 ||     7
 Stab: Distracted        |       |       |     1 ||     1
Armor: Ring mail         |    25 |    40 |    91 ||   156
       Animal skin       |     3 |       |       ||     3
Dodge: Dodged            |    52 |    55 |   111 ||   218

Table legend: (Time is in decaauts)
 A = Elapsed time spent in this place.
 B = Non-inter-level travel time spent in this place.
 C = Inter-level travel time spent in this place.
 D = Time resting spent in this place.
 E = Time spent auto-exploring this place.
 F = Levels seen in this place.
 G = Mean time per level.
                   A        B        C        D        E       F      G
               +--------+--------+--------+--------+--------+-----+--------+
         Total |   9759 |   9314 |    445 |    893 |   7260 |  10 |  975.9 |
       Dungeon |   9368 |   8923 |    445 |    893 |   6952 |   9 | 1040.9 |
       Ossuary |    390 |    390 |      0 |      0 |    308 |   1 |  390.0 |
               +--------+--------+--------+--------+--------+-----+--------+

Top non-repeatable levels by time:
     D:8: 1612 daAuts
     D:6: 1568 daAuts
     D:5: 1425 daAuts
     D:4: 1284 daAuts
     D:2: 1103 daAuts
     D:1: 1001 daAuts
     D:3: 887 daAuts
     D:7: 467 daAuts
 Ossuary: 390 daAuts
     D:9: 18 daAuts
